[Event "13 Open de Quenza"]
[Site "Quenza, France"]
[Date "2024.07.07"]
[Round "6.2"]
[White "Fressinet, Laurent"]
[Black "Bellahcene, Bilel"]
[Result "1/2-1/2"]
[TimeControl "5min+3s/move"]
[WhiteElo "2625"]
[BlackElo "2535"]

1. d4 Nf6 2. Nf3 c5 3. d5 b5 4. c3 g6 5. e4 Nxe4 6. Bxb5 Bg7 7. O-O O-O 8. Re1 Nf6 9. c4 d6 10. h3 a6 11. Ba4 e5 12. dxe6 Bxe6 13.
Bf4 d5 14. cxd5 Nxd5 15. Be5 Nb4 16.
Bxg7 Kxg7 17. Nc3 Nd3 18. Re2 c4 19. Bc2 Nc6 20. Bxd3 Qxd3 21. Qe1 Rad8 22. Ne4 Bf5 23. Ng3 Qd5 24.
Qc3+ Kg8 25. Re3 Bd3 26. Rd1 Nd4 27. Nxd4 Qxd4 28. Ne4 Qxc3 29. Nxc3 Rd7 30.
b4 Kg7 31. a4 Rb8 32. b5 axb5 33. axb5 Ra7 34. Rc1 Ra3 35. Re5 Rb7 36.
Rc5 Rb3 37. Rd5 Ra3 38. Re5 Rb3 39. Rd5 Ra3 40. Re5 1/2-1/2

[Event "13 Open de Quenza"]
[Site "Quenza, France"]
[Date "2024.07.07"]
[Round "6.3"]
[White "Batsiashvili, Nino"]
[Black "Fedorchuk, Sergey A."]
[Result "1/2-1/2"]
[TimeControl "5min+3s/move"]
[WhiteElo "2451"]
[BlackElo "2554"]

1. d4 Nf6 2. c4 e6 3. Nc3 Bb4 4.
Nf3 b6 5. e3 Bb7 6. Bd3 c5 7. O-O O-O 8. Bd2 Bxc3 9. Bxc3 Ne4 10. Bxe4 Bxe4 11. Nd2 Bb7 12. dxc5 bxc5 13. Qg4 f6 14.
Rad1 Qc7 15. Ne4 Bxe4 16. Qxe4 Nc6 17. Rd2 Rf7 18. Rfd1 Re8 19. h4 a5 20. h5 h6 21. Qg4 Ree7 22.
b3 e5 23. Qf5 Nd8 24. Qe4 Qc6 25. Qd5 Qxd5 26. Rxd5 Nb7 27. a3 d6 28. b4 axb4 29.
axb4 cxb4 30. Bxb4 Rc7 31. Bxd6 Nxd6 32. Rxd6 Rxc4 33. Rd8+ Rf8 34. Rxf8+ Kxf8 35. g3 Rc7 36. Kg2 Kf7 37. Rd2 Ke6 38. e4 f5 39. exf5+ Kxf5 40. f3 Kg5 41. Re2 Kxh5 42. Rxe5+ Kg6 43. g4 Kf6 44. Rf5+ Kg6 45. Kg3 Rc4 46. Rd5 Ra4 47. Rf5 Rb4 48. Rd5 Ra4 49. Rf5 Rb4 50. Rd5 Ra4 51. Rf5 1/2-1/2

[Event "13 Open de Quenza"]
[Site "Quenza, France"]
[Date "2024.07.07"]
[Round "6.4"]
[White "Dourerassou, Jonathan"]
[Black "Ciobanu, Camelia-Adriana"]
[Result "0-1"]
[TimeControl "5min+3s/move"]
[WhiteElo "2422"]
[BlackElo "2093"]

1. e4 e6 2. d4 d5 3. Nc3 Nf6 4. exd5 exd5 5. Bd3 Nc6 6.
Nf3 Bg4 7. Be3 Qd7 8. h3 Bh5 9. g4 Bg6 10. Bb5 Bb4 11. Ne5 Qe6 12. a3 Bxc3+ 13. bxc3 Ne4 14. Bxc6+ bxc6 15. Nxg6 hxg6 16.
Qd3 Qxg4 17. hxg4 Rxh1+ 18. Ke2 Rxa1 19. f3 Nd6 20. Qa6 Kd7 21. Bf4 Re8+ 22. Kf2 Nb5 23. a4 Nxc3 24. Qxa7 Re2+ 25.
Kg3 Nb5 26. c4 Nxa7 0-1

[Event "13 Open de Quenza"]
[Site "Quenza, France"]
[Date "2024.07.07"]
[Round "6.5"]
[White "Roux, Baptiste"]
[Black "Maze, Sebastien"]
[Result "1/2-1/2"]
[TimeControl "5min+3s/move"]
[WhiteElo "2352"]
[BlackElo "2553"]

1. e4 c5 2. Nf3 Nc6 3.
Bc4 e6 4. O-O Nf6 5. Re1 Qc7 6. c3 a6 7. d4 b5 8. Bb3 Bb7 9. e5 c4 10. exf6 cxb3 11. fxg7 Bxg7 12. axb3 Rg8 13.
Qd3 Ne7 14. Bg5 Ng6 15. c4 h6 16. Bd2 Rc8 17. Na3 Nf4 18. Bxf4 Qxf4 19. Qe3 Qxf3 20. gxf3 Bxd4+ 21. Kf1 Bxe3 22.
Rxe3 Rg5 23. Ke2 Bc6 24. Nc2 bxc4 25. bxc4 a5 26.
Nd4 Bb7 27. b3 Ba6 28. f4 Rh5 29. Re5 Rxh2 30. Raxa5 Bb7 31. Rh5 Rxh5 32. Rxh5 d5 33. Rxh6 Ke7 34. cxd5 Bxd5 35. Kd3 Rc1 36. Rh3 Rd1+ 37. Kc3 Rf1 38. Rh2 Rc1+ 39. Kd2 Ra1 40. Kc3 Rc1+ 41.
Kb4 Rd1 42. Kc3 Rc1+ 43. Kd2 Rb1 44. Rh3 Rf1 45. Ke2 Rb1 46. Rc3 Rb2+ 47. Ke3 Rb1 48. Nc2 Rxb3 49. Rxb3 Bxb3 50. Nd4 Bd5 51. Nc2 Kf6 52. Nd4 Bc4 53. Nf3 Bd5 54. Ne5 Bb3 55. Ng4+ Kf5 56. Ne5 Kf6 57. Ng4+ Kf5 58. Ne5 Kf6 59. Ke4 Kxe5+ 1/2-1/2

[Event "13 Open de Quenza"]
[Site "Quenza, France"]
[Date "2024.07.07"]
[Round "6.6"]
[White "Maurizzi, Marc Andria"]
[Black "Pieri, Pierre-Louis"]
[Result "1-0"]
[TimeControl "5min+3s/move"]
[WhiteElo "2620"]
[BlackElo "2190"]

1. d4 Nf6 2. c4 e6 3.
Nf3 a6 4. Nc3 d5 5. cxd5 exd5 6.
Bg5 Be7 7. e3 O-O 8. Bd3 Be6 9. O-O Nbd7 10. Rc1 Re8 11.
h3 Nf8 12. Bf4 Ng6 13. Bh2 Bd6 14. Ne5 c6 15. f4 Bc8 16. Kh1 Nd7 17. Nxf7 Kxf7 18. f5 Nf4 19. Bxf4 Bxf4 20. Rxf4 Nf6 21.
e4 dxe4 22. Nxe4 Kg8 23. Nc5 Kh8 24. Qf3 Qe7 25. Qf2 Qe3 26. Qxe3 Rxe3 27. Rf3 Rxf3 28. gxf3 b6 29. Ne6 Bd7 30.
Be4 g6 31. Bxc6 Rc8 32. d5 Nxd5 33. Nd4 Bxf5 34. Re1 Nb4 35. Nxf5 gxf5 36. Bd7 Rc2 37. Bxf5 Rxb2 38. Re7 Nxa2 39. h4 h6 40. Rh7+ Kg8 41. Rxh6 Nc3 42. Rg6+ Kf7 43. h5 Ne2 44. h6 Nf4 45. Rc6 Kg8 46. h7+ Kg7 47. Rc7+ 1-0

[Event "13 Open de Quenza"]
[Site "Quenza, France"]
[Date "2024.07.07"]
[Round "6.7"]
[White "Daulet, Alikhan"]
[Black "Travadon, Loic"]
[Result "0-1"]
[TimeControl "5min+3s/move"]
[WhiteElo "1922"]
[BlackElo "2458"]

1. d4 Nf6 2. c4 c5 3. d5 g6 4. Nc3 Bg7 5. e4 d6 6. Nf3 O-O 7. Be2 e6 8. Be3 Na6 9. O-O Ng4 10. Bd2 e5 11. Ne1 f5 12.
Nd3 Nf6 13. f3 f4 14. a3 g5 15.
Be1 Rf7 16. b4 b6 17. Bd2 Bf8 18. Kf2 g4 19. Ke1 Rg7 20. Qa4 Nc7 21. Kd1 Bd7 22. Qb3 gxf3 23. Bxf3 Ng4 24. Bxg4 Rxg4 25. Ne1 cxb4 26. axb4 a5 27.
bxa5 bxa5 28. Ne2 a4 29. Qf3 Rg6 30. g3 Bg4 31. Qf2 Qb8 32. gxf4 Bh6 33. Qe3 exf4 34. Qd3 Na6 35. Rb1 Qc8 36. Kc2 Nc5 37. Qa3 Bxe2 38. Rf2 Bxc4 39. Bxf4 Bb3+ 40. Kb2 Bxf4 41. Rxf4 Qc7 42. Ka1 Rf8 43. Rxf8+ Kxf8 44. e5 Bxd5 45. Rd1 Bb3 46. Rc1 Qg7 47. Nf3 Rg2 48. Qb4 Ra2+ 49.
Kb1 Qg6+ 0-1

[Event "13 Open de Quenza"]
[Site "Quenza, France"]
[Date "2024.07.07"]
[Round "6.8"]
[White "Relange, Eloi"]
[Black "De Seroux, Camille"]
[Result "1-0"]
[TimeControl "5min+3s/move"]
[WhiteElo "2440"]
[BlackElo "2113"]

1. d4 Nf6 2. c4 Nc6 3. Nf3 e6 4.
a3 g6 5.
g3 Bg7 6. Bg2 O-O 7. O-O d6 8. Nc3 e5 9.
dxe5 dxe5 10. Qxd8 Rxd8 11. Bg5 Re8 12. Nd5 Nxd5 13. cxd5 Nd4 14. Nxd4 exd4 15. Bf3 d3 16. exd3 Bxb2 17.
Ra2 Bd4 18. Rc1 Bb6 19. a4 a5 20. Rb2 Ra6 21. Kg2 Bd4 22. Rbc2 Be5 23. Re1 f6 24. d4 fxg5 25. dxe5 Bf5 26.
Rxc7 g4 27. Bd1 Rb6 28. e6 Rb4 29. e7 Be4+ 30. Rxe4 Rxe4 31. d6 Rd4 32. Bb3+ Kg7 33. d7 Rxe7 34. d8=Q Rxd8 35. Rxe7+ 1-0

[Event "13 Open de Quenza"]
[Site "Quenza, France"]
[Date "2024.07.07"]
[Round "6.9"]
[White "Glek, Igor"]
[Black "Ratier-Fontana, Matteo"]
[Result "1/2-1/2"]
[TimeControl "5min+3s/move"]
[WhiteElo "2396"]
[BlackElo "2153"]

1. e4 c5 2. Nf3 d6 3. d4 cxd4 4. Nxd4 Nf6 5.
Nc3 a6 6. a4 e5 7. Nf3 Be7 8. Bg5 Be6 9. Bxf6 Bxf6 10. Nd5 Be7 11. Bc4 Nd7 12. O-O Nf6 13.
Nxf6+ Bxf6 14. Bd5 Qc7 15. c3 O-O 16. Qb3 Bxd5 17. Qxd5 Be7 18. Rfd1 Qc6 19. a5 Rac8 20. Ne1 Qxd5 21. Rxd5 f5 22. exf5 Rxf5 23. Nc2 Kf7 24.
Ne3 Rf6 25. g3 Ke6 26. Kg2 Rf7 27. h4 h5 28. Rad1 Rc6 29. Nc2 Rc4 30. Nb4 Rf8 31. f3 Rg8 32. R5d3 g5 33. hxg5 Rxg5 34.
Kh3 Rg6 35. Nd5 Rc6 36. f4 Bd8 37. Re1 Rc5 38. Ne3 exf4 39. gxf4 Kf7 40. Rd5 Bxa5 41. Rxc5 dxc5 42. Nc4 Bc7 43.
f5 Rg4 44. Ne5+ Bxe5 45. Rxe5 Rc4 46. Rd5 Kf6 47. Rd7 b5 48.
Rd6+ Kxf5 49. Rxa6 b4 50. cxb4 Rxb4 51. Ra5 Rc4 52. b3 Rc1 53. b4 Kf4 54. Rxc5 Rxc5 55. bxc5 Ke5 56. Kh4 Kd5 57. Kxh5 Kxc5 1/2-1/2

[Event "13 Open de Quenza"]
[Site "Quenza, France"]
[Date "2024.07.07"]
[Round "6.10"]
[White "Yankelevich, Lev"]
[Black "Geronimi, Jean-Thomas"]
[Result "1/2-1/2"]
[TimeControl "5min+3s/move"]
[WhiteElo "2416"]
[BlackElo "2065"]

1. d4 f5 2. Bg5 g6 3. Nc3 Bg7 4. e3 d5 5. h4 c6 6. Nf3 Nh6 7. Bf4 Nf7 8.
h5 Nd7 9. hxg6 hxg6 10. Rxh8+ Bxh8 11.
Qd2 Nf6 12. Ne5 Nxe5 13. Bxe5 Be6 14. f3 b5 15. a4 b4 16. Na2 a5 17. Nc1 Kf7 18. Nd3 Nd7 19. Bg3 Qb6 20. Nf4 c5 21.
Nxe6 Qxe6 22. c3 cxd4 23. cxd4 Rc8 24. Kf2 Nb6 25. Bd3 Nc4 26. Qe2 g5 27. f4 g4 28. Rh1 Nd6 29. Qd2 Ne4+ 30. Bxe4 Qxe4 31. Rc1 Rxc1 32. Qxc1 b3 33. Qd2 Qc2 34. Ke2 Qe4 35. Kf1 Qc2 36. Be1 Qb1 37. Qc3 Qd1 38. Qd2 Qb1 39. Qe2 Bf6 40. g3 Qe4 41. Kf2 Qh1 42. Qf1 Qf3+ 43. Kg1 Qxe3+ 44. Bf2 Qd2 45. Qb5 Qd1+ 46. Qf1 Qxf1+ 47. Kxf1 Ke6 48. Ke2 Kd7 49.
Kd3 Kc6 50. Kc3 Kb6 51. Kxb3
e6 52. Kc3 Be7 53. Kd3 Bb4 54.
b3 Be7 55. Be3 Bb4 56. Bd2 Be7 57.
Bc3 Bf8 58. Kc2 Be7 59. Bd2 Bf8 60. Kb2 Be7 61. Bc3 Bf8 62. Kc2 Be7 63. Kd3 Bf8 64. Be1 Be7 65. Bd2 Bf8 66. Be1 Be7 67. Bd2 Bf8 68. Be1 1/2-1/2

[Event "13 Open de Quenza"]
[Site "Quenza, France"]
[Date "2024.07.07"]
[Round "6.11"]
[White "Roubert, Emile"]
[Black "Anwesh, Upadhyaya"]
[Result "1/2-1/2"]
[TimeControl "5min+3s/move"]
[WhiteElo "1985"]
[BlackElo "2363"]

1. e4 e5 2. Nf3 Nc6 3. Bb5 a6 4.
Ba4 Nf6 5. O-O b5 6. Bb3 Be7 7. Re1 O-O 8. a4 Bb7 9.
d3 d6 10. Nc3 b4 11. Ne2 Nd7 12. Ng3 Nc5 13. Bd5 Rb8 14. b3 Ne6 15. Nf5 Bf6 16. Bb2 Re8 17. g3 Ne7 18. Bxb7 Rxb7 19. Nxe7+ Qxe7 20. d4 Nxd4 21.
Nxd4 exd4 22. Bxd4 Bxd4 23. Qxd4 Qe5 24. Rad1 g6 25. Qc4 Re7 26. Qxa6 Rb6 27. Qa8+ Kg7 28. Qd5 Qf6 29. a5 Rb8 30.
a6 Ree8 31. a7 Ra8 32. Ra1 Qc3 33. Qd3 Qc5 34.
Qe3 Re5 35. Qxc5 Rxc5 36. Re2 Kf6 37. f4 Ke6 38. Ra4 Rb5 39. Re1 Rc5 40. Rea1 Rb5 41. Kf2 Kd7 42. Ke3 Kc8 43. Kd4 Kd7 44.
R1a2 c5+ 45. Kc4 Rb7 46. Ra6 Ke6 47. Ra1 f6 48. Rd1 Raxa7 49. Rdxd6+ Ke7 50. Re6+ Kd7 51. Rxa7 Rxa7 52. Rxf6 Ra2 53. Kxc5 Rxc2+ 54. Kxb4 Rxh2 55. Kc5 Rh3 56. b4 Ke7 57. Ra6 Rxg3 58. Ra7+ Ke6 59. Rxh7 Rg4 60. b5 Rxf4 61. Kd4 Rf1 62.
b6 Rb1 63. b7 Kd6 64. Rg7 Kc6 65. e5 Rxb7 66. Rxb7 Kxb7 67. Kd5 Kc7 68. Ke6 g5 69. Kf5 Kd7 70. Kxg5 Ke6 71. Kf4 Ke7 72. Kf5 Kf7 73.
e6+ Ke7 74. Ke5 Ke8 75. Kd6 Kd8 76. e7+ Ke8 77.
Ke6 1/2-1/2

[Event "13 Open de Quenza"]
[Site "Quenza, France"]
[Date "2024.07.07"]
[Round "6.12"]
[White "Sabiani, Chjara"]
[Black "Tomasi, Albert"]
[Result "1-0"]
[TimeControl "5min+3s/move"]
[WhiteElo "1841"]
[BlackElo "2295"]

1. d4 Nf6 2. c4 c5 3. d5 b5 4. Qc2 bxc4 5. e4 Ba6 6. Nd2 c3 7. bxc3 Bxf1 8. Nxf1 g6 9. Nf3 Bg7 10.
Bb2 d6 11. Ne3 Nbd7 12. h3 Rb8 13.
O-O Nxe4 14. Qxe4 Rxb2 15. Nc4 Nf6 16. Qd3 Rb8 17. Rab1 O-O 18. Rxb8 Qxb8 19. Na5 Qb2 20. Nc6 Qxa2 21.
Nxe7+ Kh8 22. Rb1 a5 23. Ng5 a4 24.
Rb8 h6 25. Nxf7+ Kh7 26. Qxg6# 1-0

[Event "13 Open de Quenza"]
[Site "Quenza, France"]
[Date "2024.07.07"]
[Round "7.1"]
[White "Anand, Viswanathan"]
[Black "Fressinet, Laurent"]
[Result "1-0"]
[TimeControl "5min+3s/move"]
[WhiteElo "2751"]
[BlackElo "2625"]

1. e4 e5 2. Nf3 Nc6 3. Bb5 Nf6 4. d3 Bc5 5. O-O d6 6. Nc3 O-O 7. Na4 Nd4 8. Nxc5 Nxb5 9. a4 Nd4 10. Nxd4 dxc5 11. Nb5 a6 12.
Nc3 Be6 13. f4 exf4 14. Bxf4 Nd7 15.
Qh5 f6 16. Nd5 g6 17. Qf3 Bxd5 18. exd5 Ne5 19. Qe4 Qd6 20. c3 Rae8 21. d4 cxd4 22. cxd4 Qb4 23. Bh6 Rf7 24. Qe3 1-0

[Event "13 Open de Quenza"]
[Site "Quenza, France"]
[Date "2024.07.07"]
[Round "7.2"]
[White "Bellahcene, Bilel"]
[Black "Lagarde, Maxime"]
[Result "0-1"]
[TimeControl "5min+3s/move"]
[WhiteElo "2535"]
[BlackElo "2608"]

1. e4 c5 2. Nf3 e6 3. d4 cxd4 4. Nxd4 Nf6 5. Nc3 Nc6 6. Nxc6 bxc6 7. e5 Nd5 8. Ne4 Qc7 9. f4 Qb6 10. a3 a5 11. c4 Ne3 12. Qd3 Nf5 13. Bd2 Qxb2 14. Bc3 Qb6 15. Be2 Ba6 16. Rb1 Qe3 17. Bd2 Qxd3 18. Bxd3 d5 19. exd6 Nxd6 20. Nxd6+ Bxd6 21. Rf1 O-O 22. a4 Rfb8 23. Ke2 Bb4 24. Be3 Rd8 25. Rbc1 f5 26. g4 g6 27. Bb6 Rd7 28. gxf5 exf5 29.
Rfd1 c5 30. Bb1 Re8+ 31. Kf3 Rxd1 32.
Rxd1 Bxc4 33. Rd7 Be6 34. Rc7 Rc8 35.
Re7 Bf7 36. Bc2 c4 37. Ra7 Bd5+ 38. Ke2 Re8+ 39. Kf2 c3 40. Bd4 Re7 41. Rxe7 Bxe7 42. Bxc3 Bc5+ 43. Kg3 Bb6 44.
h4 h5 45. Be5 Bd8 46. Bd1 Kf7 47. Bc2 Ke6 48. Bc3 Ba2 49. Bd3 Kd5 50. Bb5 Ke4 51. Be8 Bb3 52. Bxg6 Bxa4 53. Bxh5 Bc7 54. Bf3+ Ke3 55. Be5 Bxe5 56. fxe5 f4 57. Kg2 Kd4 58. e6 Ke5 59. h5 Kxe6 60. Be4 Kf6 61. Kf3 Kg5 62. h6 Bd1+ 63. Kf2 Kxh6 64. Ke1 Bb3 65. Kd2 Kg5 66. Kc3 Be6 67. Kd4 a4 68. Kc3 a3 69. Kd4 0-1

[Event "13 Open de Quenza"]
[Site "Quenza, France"]
[Date "2024.07.07"]
[Round "7.3"]
[White "Travadon, Loic"]
[Black "Maurizzi, Marc Andria"]
[Result "0-1"]
[TimeControl "5min+3s/move"]
[WhiteElo "2458"]
[BlackElo "2620"]

1. d4 Nf6 2. Nf3 c5 3. c3 e6 4. Bg5 h6 5. Bh4 Be7 6. Nbd2 cxd4 7. cxd4 d5 8. e3 Nc6 9. Bd3 O-O 10.
O-O Qb6 11. Qb3 Qxb3 12. Nxb3 g5 13. Bg3 Nh5 14. Bc7 Nb4 15. Be2 Nf6 16. Rfc1 Bd7 17. Ne5 Rfc8 18. a3 Nc6 19. Nxc6 Bxc6 20.
Be5 Nd7 21. Bg3 Ba4 22. Na5 b6 23. Nb7 Nf6 24. Nd6 Rd8 25. Bb5 Bxd6 26. Bxa4 Bxg3 27. hxg3 Rdc8 28. Bb5 a5 29. Kf1 Kf8 30.
Ke2 Ke7 31. Bd3 h5 32. Kd2 h4 33. gxh4 gxh4 34. Ke2 Ng4 35. Rh1 Rh8 36. Rac1 Kd6 37.
Bb5 Rac8 38. Rxc8 Rxc8 39. Bd3 Rh8 40. f3 Nf6 41. g3 Nh5 42. Kf2 Nxg3 43. Rh2 f6 44. Kg2 e5 45. dxe5+ fxe5 46. b4 e4 47. fxe4 dxe4 48. Bb5 Nf5 49. bxa5 bxa5 50. Kh3 Rg8 51. Rf2 Ke5 52. Bd7 Rg3+ 53. Kh2 Nxe3 54. a4 Ng4+ 55. Bxg4 Rxg4 56. Rb2 e3 57. Kh3 Re4 58. Re2 Kd4 59. Kg2 Kd3 60. Re1 e2 0-1

[Event "13 Open de Quenza"]
[Site "Quenza, France"]
[Date "2024.07.07"]
[Round "7.4"]
[White "Ciobanu, Camelia-Adriana"]
[Black "Relange, Eloi"]
[Result "0-1"]
[TimeControl "5min+3s/move"]
[WhiteElo "2093"]
[BlackElo "2440"]

1. Nf3 d6 2. g3 e5 3. d3 f5 4. Bg2 Nf6 5. O-O Nc6 6. c4 g6 7. Nc3 Bg7 8. Rb1 a5 9. a3 O-O 10. b4 axb4 11. axb4 Qe8 12. b5 Nd8 13. b6 c6 14. Bb2 Nd7 15. Na4 Ne6 16. Ba3 Ndc5 17. Bxc5 dxc5 18. Nd2 Qe7 19. Nb2 Qd8 20. Na4 Qe7 21.
Nb2 h5 22. e3 h4 23. f4 Rd8 24. Qb3 g5 25. fxe5 Bxe5 26. Rxf5 Nd4 27. exd4 Bxd4+ 28. Rf2 Qe2 29. Ne4 Rf8 30.
Nd1 Bg4 31. Kh1 Qe1+ 32. Bf1 Bf3+ 33. Rxf3 Rxf3 34. Ndf2 Qe3 35. Qc2 Raf8 36. Bg2 Rxf2 37.
Nxf2 Rxf2 38. Qd1 hxg3 39. h3 Re2 40. Qf1 Rf2 41. Qg1 Qd2 42. Re1 Rxg2 43. Re8+ Kf7 44. Qxg2 Qd1+ 0-1

[Event "13 Open de Quenza"]
[Site "Quenza, France"]
[Date "2024.07.07"]
[Round "7.5"]
[White "Fedorchuk, Sergey A."]
[Black "Sabiani, Chjara"]
[Result "1-0"]
[TimeControl "5min+3s/move"]
[WhiteElo "2554"]
[BlackElo "1841"]

1. e4 c5 2. Nf3 Nc6 3. Bb5 Qc7 4. O-O g6 5. c3 Bg7 6. d4 cxd4 7. cxd4 a6 8. Ba4 b5 9. Bb3 Nf6 10. e5 Ng8 11. Nc3 e6 12. Ne4 Nge7 13. Nd6+ Kf8 14. Bf4 h6 15.
Rc1 Qa7 16. Be3 Nd5 17. Bxd5 exd5 18. Qb3 Ne7 19. Rc5 Nf5 20. Nxc8 Qb7 21. Rfc1 Nxe3 22. fxe3 1-0

[Event "13 Open de Quenza"]
[Site "Quenza, France"]
[Date "2024.07.07"]
[Round "7.6"]
[White "Maze, Sebastien"]
[Black "Roubert, Emile"]
[Result "1-0"]
[TimeControl "5min+3s/move"]
[WhiteElo "2553"]
[BlackElo "1985"]

1. d4 d5 2. Nf3 e6 3.
Bg5 Be7 4. Bxe7 Qxe7 5. Nbd2 Nf6 6. e3 c5 7. c3 O-O 8. Bd3 b6 9. Ne5 Ba6 10. Bc2 Nbd7 11. f4 Rac8 12. Qf3 Ne8 13.
Qh3 f5 14. Ndf3 Nd6 15. g4 Ne4 16. gxf5 exf5 17. Rg1 cxd4 18. exd4 Rc7 19. Bxe4 fxe4 20. Ng5 Nf6 21. Qe6+ Kh8 22.
Kd2 Bc8 23. Qxe7 Rxe7 24. Ke3 Nh5 25.
Raf1 h6 26. Ng6+ Kh7 27. Nxf8+ 1-0

[Event "13 Open de Quenza"]
[Site "Quenza, France"]
[Date "2024.07.07"]
[Round "7.7"]
[White "Podvin, Antoine"]
[Black "Glek, Igor"]
[Result "1-0"]
[TimeControl "5min+3s/move"]
[WhiteElo "2056"]
[BlackElo "2396"]

1. d4 e6 2. Nc3 d5 3. e4 Nf6 4. e5 Nfd7 5. f4 c5 6. Nf3 Nc6 7. Ne2 b5 8. c3 a5 9. g3 b4 10. Bh3 Be7 11. O-O O-O 12. f5 exf5 13. Bxf5 Nb6 14. Bc2 Ba6 15. Rf2 bxc3 16. bxc3 Qd7 17.
Nf4 cxd4 18. cxd4 Rac8 19. Rb1 Nb4 20. a3 Rxc2 21. Rxc2 Nxc2 22. Rxb6 Qc8 23. Nxd5 Bd8 24. Rxa6 Qxa6 25.
Qxc2 Qb7 26. Qe4 Qc8 27. Be3 h6 28. Kg2 Re8 29. Nd2 Re6 30. Nf4 Rb6 31. d5 Rb2 32. e6 Bb6 33. exf7+ Kxf7 34.
Qe6+ Qxe6 35. dxe6+ Ke8 36. Bxb6 Rxb6 37. Kf3 Rb2 38. Nc4 Rb3+ 39. Ke4 a4 40. Nd5 Rb1 41. Nd6+ 1-0

[Event "13 Open de Quenza"]
[Site "Quenza, France"]
[Date "2024.07.07"]
[Round "7.8"]
[White "Ratier-Fontana, Matteo"]
[Black "Yankelevich, Lev"]
[Result "0-1"]
[TimeControl "5min+3s/move"]
[WhiteElo "2153"]
[BlackElo "2416"]

1. d4 Nf6 2. Bf4 c5 3.
e3 Nd5 4. Bg3 Qb6 5. Nc3 Nxc3 6.
bxc3 d6 7. Bd3 g6 8. Ne2 Bg7 9. O-O O-O 10. Rb1 Qc7 11. Nf4 e6 12. h4 Nd7 13. h5 Nf6 14. hxg6 hxg6 15. Re1 e5 16.
Nh3 c4 17. Bf1 Ne4 18. Rb4 Nxg3 19. fxg3 d5 20. Kh2 Re8 21. e4 exd4 22. exd5 Bxh3 23. gxh3 Be5 24. Rxc4 Bxg3+ 25. Kg2 Qf4 26. Rxe8+ Rxe8 27. Qf3 Qd2+ 28. Kxg3 Re3 29. Rxd4 Qe1+ 30. Kf4 Rxf3+ 31. Kxf3 Qxf1+ 32. Kg3 Kf8 33. d6 Ke8 34. Rd3 Kd7 35. c4 g5 36.
c5 Qf4+ 37. Kg2 Qe4+ 38. Rf3 f5 39. Kf2 Qd4+ 40. Ke1 0-1

[Event "13 Open de Quenza"]
[Site "Quenza, France"]
[Date "2024.07.07"]
[Round "7.9"]
[White "Anwesh, Upadhyaya"]
[Black "Have, Didier"]
[Result "1-0"]
[TimeControl "5min+3s/move"]
[WhiteElo "2363"]
[BlackElo "1935"]

1. d4 d5 2. Nf3 Nf6 3. c4 dxc4 4.
e3 Bg4 5. Bxc4 e6 6. h3 Bh5 7. Nbd2 Nc6 8. Qa4 Bb4 9.
Ne5 O-O 10. Nxc6 Bxd2+ 11. Bxd2 bxc6 12.
Qxc6 Rb8 13. Bc3 Rb6 14. Qc5 Bg6 15. O-O Nd7 16. Qa3 Be4 17.
f3 Bb7 18. b3 Qg5 19. Qc1 e5 20. e4 Qh4 21. Qe1 Qg5 22. Bd2 Qh5 23. d5 Rg6 24. Kh2 Nf6 25. g4 Rxg4 26. fxg4 Nxg4+ 27. Kg2 Nf6 28. Rf5 Qg6+ 29. Kh2 Rd8 30. Qe2 Rd6 31. Rg1 1-0

[Event "13 Open de Quenza"]
[Site "Quenza, France"]
[Date "2024.07.07"]
[Round "7.10"]
[White "Cardi, Jean"]
[Black "Batsiashvili, Nino"]
[Result "0-1"]
[TimeControl "5min+3s/move"]
[WhiteElo "1922"]
[BlackElo "2451"]

1. e4 e5 2. Nf3 Nc6 3. d4 exd4 4. Nxd4 Nf6 5. Nxc6 bxc6 6. Qe2 Bc5 7.
Be3 Bb6 8. Nc3 O-O 9. O-O-O Re8 10. Bg5 h6 11. Bh4 Qe7 12. f3 Ba5 13. Qd3 Rb8 14. Ne2 d5 15. Nd4 dxe4 16. fxe4 Qe5 17. Nb3 Nxe4 18. Be1 Bxe1 19.
Rxe1 Bf5 20. Qd4 Qf4+ 21. Qe3 Qxe3+ 22. Rxe3 Nf2 23. Rxe8+ Rxe8 24. Rg1 Re1+ 25. Kd2 Rb1 26. Nd4 Bd7 27. h3 Ne4+ 28. Ke3 Nd6 29. b3 c5 30. Nf3 Nf5+ 31. Kd2 Nd4 32. c3 Nxf3+ 33. gxf3 Bxh3 0-1

[Event "13 Open de Quenza"]
[Site "Quenza, France"]
[Date "2024.07.07"]
[Round "7.11"]
[White "Geronimi, Jean-Thomas"]
[Black "Roux, Baptiste"]
[Result "1-0"]
[TimeControl "5min+3s/move"]
[WhiteElo "2065"]
[BlackElo "2352"]

1. e4 c5 2. Nf3 e6 3. d4 cxd4 4. Nxd4 Nf6 5. Nc3 Nc6 6. Ndb5 Bc5 7. Bf4 O-O 8. Bd6 Qb6 9. Bxc5 Qxc5 10.
Qd6 Qb6 11. Qc7 Qxc7 12. Nxc7 Rb8 13. N7b5 d5 14. exd5 exd5 15. O-O-O Be6 16. Nd4 Ng4 17. Nxc6 bxc6 18. Rd2 Rfd8 19. h3 Nf6 20. Bd3 c5 21.
b3 g6 22. g4 Rb4 23. Ne2 Kf8 24. a3 Rb6 25. Nf4 Rd7 26. Re1 g5 27. Nxe6+ fxe6 28. Re5 h6 29. Rde2 Kf7 30. f3 a5 31. a4 Rb4 32. Bb5 Rd6 33.
R5e3 Rf4 34. Bd3 Nd7 35. Bb5 Nf6 36. h4 gxh4 37. Rh2 d4 38. Rd3 e5 39. Rxh4 h5 40. Bc4+ Kg7 41. Rh2 hxg4 42. fxg4 e4 43. Rdh3 Rxg4 44. Rh8 e3 45. Ra8 Kg6 46. Bd3+ Kg5 47. Rxa5 Rd5 48. Ra7 Rd7 49. Ra6 Nd5 50. Rg6+ Kf4 51. Rc6 Nc3 52. Rf6+ Ke5 53. Rf5+ Ke6 54. Rh6+ Ke7 55. Re5+ Kf8 56. Rh8+ Kf7 57. Rh7+ Kf6 58. Rf5+ Ke6 59. Rf1 Rxh7 60. Bxh7 e2 61. Re1 Ke5 62. Bd3 Kf4 63. Bxe2 Rg1 64. Kd2 Ne4+ 65. Kd1 Rg2 66. Bd3 Nf2+ 67. Kc1 Rg3 68. Rf1 Ke3 69. Re1+ Kf4 70. Rf1 Rf3 71. Be2 d3 72. Bxf3 Kxf3 73. cxd3 Ke2 74. Rxf2+ 1-0

[Event "13 Open de Quenza"]
[Site "Quenza, France"]
[Date "2024.07.07"]
[Round "7.12"]
[White "Crapulli, Giuseppe"]
[Black "Dourerassou, Jonathan"]
[Result "0-1"]
[TimeControl "5min+3s/move"]
[WhiteElo "1919"]
[BlackElo "2422"]

1. e4 c5 2. Nf3 e6 3.
d4 cxd4 4. Nxd4 Nf6 5. Nc3 Nc6 6. Ndb5 d6 7. Bf4 e5 8. Bg5 a6 9. Na3 b5 10. Bxf6 gxf6 11.
Nd5 Bg7 12. c4 b4 13. Nc2 Rb8 14. b3 f5 15. g3 fxe4 16. Bg2 Bf5 17. Qe2 O-O 18. Bxe4 Bxe4 19. Qxe4 f5 20. Qe2 f4 21. O-O-O f3 22. Qe4 Qa5 23. Kb1 Qc5 24.
Qe3 Rbe8 25. Qxc5 dxc5 26. Nc7 Rc8 27. Nxa6 Nd4 28. Ne3 Rc6 29. Nxc5 Rxc5 30. Nd5 Ne2 31. Ne7+ Kh8 32. Rd7 Ra5 33. Nc6 Nc3+ 34. Kc1 Rxa2 35.
Nxb4 Bh6+ 0-1

[Event "13 Open de Quenza"]
[Site "Quenza, France"]
[Date "2024.07.07"]
[Round "8.1"]
[White "Maurizzi, Marc Andria"]
[Black "Anand, Viswanathan"]
[Result "0-1"]
[TimeControl "5min+3s/move"]
[WhiteElo "2620"]
[BlackElo "2751"]

1. e4 e5 2. Nf3 Nc6 3. Bb5 a6 4. Ba4 Nf6 5. Nc3 Bc5 6. Bxc6 dxc6 7. d3 Qe7 8. Be3 Bxe3 9. fxe3 Bd7 10. O-O O-O 11. Qe1 Rae8 12. a4 Ng4 13. h3 Nh6 14. a5 f6 15. Ne2 f5 16. Nc3 f4 17. exf4 exf4 18. d4 g5 19. e5 g4 20. hxg4 Nxg4 21.
Qh4 Qxh4 22. Nxh4 c5 23. dxc5 Rxe5 24. Nf3 Rxc5 25. Rae1 Ne3 26. Rf2 Rxa5 27. Rd2 Bg4 28. Nh2 Bf5 29. Nf1 Nxf1 30. Kxf1 Rc5 31. Kf2 Rf7 32. Ree2 Kg7 33. Kf3 Bg6 34. Kf2 a5 35. Na4 Rc6 36. Nc3 Rc5 37. Na4 Rcf5 38. Nc3 f3 39. gxf3 Rxf3+ 40. Kg2 R3f5 41. Re3 Rg5+ 42. Rg3 Rxg3+ 43. Kxg3 b6 44.
Nb5 Re7 45. c3 Be8 46. Nd4 Bd7 47.
Nf3 Kf6 48. Nd4 c5 49. Rf2+ Ke5 50. Nf3+ Kd5 51. Rd2+ Kc6 52. Kf4 Kb5 53. c4+ Kc6 54. Ne5+ Kc7 55. Rh2 Be6 56. b3 Bd7 57. Rh6 Be8 58.
Rh2 Bg6 59. Rd2 Re6 60. Ng4 Rd6 61. Re2 Rd3 62. Rb2 Rd4+ 63. Kg5 a4 64. bxa4 Rxc4 65. Nf6 Kc6 66. Ng8 Rxa4 67. Ne7+ Kb7 68. Nd5 Ra6 69. Kf6 b5+ 70. Ke5 b4 71.
Rd2 Kc6 72. Rf2 Ra1 73. Rf6+ Kb5 74. Rb6+ Kc4 75. Nf6 Rd1 76. Ng4 Rd5+ 77. Kf4 Rd4 78. Kg3 Rxg4+ 0-1

[Event "13 Open de Quenza"]
[Site "Quenza, France"]
[Date "2024.07.07"]
[Round "8.2"]
[White "Lagarde, Maxime"]
[Black "Relange, Eloi"]
[Result "1-0"]
[TimeControl "5min+3s/move"]
[WhiteElo "2608"]
[BlackElo "2440"]

1. e4 d6 2. d4 Nf6 3. Nc3 e5 4. Nf3 Nbd7 5. h3 c6 6. g4 b5 7. g5 Nh5 8.
Be3 b4 9. Ne2 Be7 10. Qd2 O-O 11. O-O-O a5 12. Kb1 a4 13. Nc1 Qa5 14. Be2 g6 15. Qe1 Re8 16. dxe5 dxe5 17. Nd2 Nf4 18.
Nc4 Qc7 19. Bg4 a3 20. b3 Ng2 21. Qd2 Nxe3 22. Qxe3 Bc5 23. Rxd7 Bxd7 24. Qxc5 Bxg4 25. hxg4 Qd7 26. f3 Qd8 27.
Qe3 Qe7 28. Nd3 Rad8 29. Ncxe5 Qd6 30. f4 f6 31. gxf6 Qxf6 32. g5 Qg7 33. Qc5 1-0